 Dungeon Crawl Stone Soup version 0.26.1-11-gd32895ea62 (webtiles) character file.

Game seed: 14051950107439076515

236 dtburroughs the Skirmisher (level 5, -1/48 HPs)
             Began as a Minotaur Berserker on July 15, 2021.
             Was a Believer of Trog.
             Killed from afar by an orc wizard (2 damage)
             ... with a magic dart
             ... on level 4 of the Dungeon.
             The game lasted 00:04:00 (4100 turns).

dtburroughs the Skirmisher (Minotaur Berserker)     Turns: 4100, Time: 00:04:00

Health: -1/48      AC: 14    Str: 19 (22) XL:     5   Next: 77%
Magic:  4/4        EV:  6    Int:  3 (5)  God:    Trog [**....]
Gold:   171        SH:  0    Dex:  8 (9)  Spells: 4/4 levels left

rFire    . . .     SeeInvis .   a - +0 hand axe
rCold    . . .     Faith    .   (no shield)
rNeg     . . .     Spirit   .   g - +0 plate armour
rPois    .         Reflect  .   (helmet restricted)
rElec    .         Harm     .   m - +0 cloak
rCorr    .         Rampage  .   d - +0 pair of gloves
Will     ++...                  (no boots)
Stlth    ..........             (no amulet)
HPRegen  1.16/turn              (no ring)
MPRegen  0.09/turn              (no ring)

@: mighty, lethally poisoned (-1 -> -15), flying, regenerating, hasted, very
quick
A: retaliatory headbutt, horns 2
a: Renounce Religion, Berserk, Trog's Hand


You were on level 4 of the Dungeon.
You worshipped Trog.
Trog was pleased with you.
You visited 1 branch of the dungeon, and saw 4 of its levels.

You collected 171 gold pieces.

Inventory:

Hand Weapons
 a - a +0 hand axe (weapon)
Armour
 d - a +0 pair of gloves (worn)
 g - a +0 plate armour (worn)
 m - a +0 cloak (worn)
Jewellery
 b - a cursed ring of teleportation {unknown}
 l - an uncursed amulet of guardian spirit {unknown}
 o - a +4 ring of slaying {unknown}
Scrolls
 h - a scroll of enchant weapon {unknown}
 i - 3 scrolls of identify {unknown}
 j - a scroll of teleportation {unknown}
 k - a scroll of remove curse {unknown}
 n - a scroll of enchant armour {unknown}
 p - a scroll of amnesia {unknown}
Potions
 c - a potion of flight
 e - a potion of might
 f - 2 potions of haste


   Skills:
 + Level 5.1 Fighting
 + Level 5.0 Axes
 + Level 4.1 Armour
 + Level 3.7 Dodging


You had 4 spell levels left.
You didn't know any spells.
Your spell library was empty.

Dungeon Overview and Level Annotations

Branches:
Dungeon (4/15)
 Temple: D:4-7

Altars:
Nemelex Xobeh
Trog

Annotations:
D:3 2 runed translucent doors, Eryximachus's ghost, amateur DsFi


Innate Abilities, Weirdness & Mutations

You reflexively headbutt those who attack you in melee.
You have a pair of horns on your head.


Message History

You are more poisoned.
It was a potion of might.
You feel very mighty all of a sudden.
* * * LOW HITPOINT WARNING * * *
You feel very sick. Something hits you but does no damage.
You are more poisoned.
It was a potion of haste.
You feel yourself speed up.
* * * LOW HITPOINT WARNING * * *
You feel very sick. Something hits you but does no damage.
It was a potion of degeneration.
There was something very wrong with that liquid.
You feel weakened.
You feel dopey.
You feel clumsy.
* * * LOW HITPOINT WARNING * * *
You feel sick.
You hear some strange, mumbled words.
A magic dart appears from out of thin air!
The magic dart hits you.
You die...

#........ #.#
#.=...... #.#.#
#........ #.#.#
#........ #.#.####
#........ #.#>#.).
#........ #.#.#)..
#)....... #.#.)...
#{#.##### #.###...
#@#+#######.......
#...........######
#...........#
#...........#
#...........#
#...........#
#...........#
#...........#
#...........#


There were no monsters in sight!

Vanquished Creatures
  An orc priest (D:4)
  A worker ant (D:4)
  An iguana (D:4)
  An orc wizard (D:4)
  3 adders
  A white imp (D:2)
  5 worms
  2 dart slugs
  3 leopard geckos
  3 orcs (D:4)
  8 bats
  6 giant cockroaches
  2 goblins
  8 hobgoblins
  6 jackals
  2 quokkas
  3 ball pythons (D:3)
  A ball python skeleton (D:4)
  4 frilled lizards
  10 kobolds
  5 rats
76 creatures vanquished.

Vanquished Creatures (others)
  14 plants (D:4)
14 creatures vanquished.

Grand Total: 90 creatures vanquished

Notes
Turn   | Place    | Note
-------+----------+-------------------------------------------
     0 | D:1      | dtburroughs the Minotaur Berserker began the quest for the
                  | Orb.
     0 | D:1      | Reached XP level 1. HP: 19/19 MP: 0/0
   303 | D:1      | Reached XP level 2. HP: 27/27 MP: 1/1
  1189 | D:2      | Reached XP level 3. HP: 33/33 MP: 2/2
  1539 | D:2      | Reached ** piety under Trog
  1646 | D:2      | Reached XP level 4. HP: 41/41 MP: 3/3
  2456 | D:3      | Found a sparkling altar of Nemelex Xobeh.
  2685 | D:3      | Found a runed translucent door.
  2685 | D:3      | Noticed a bullfrog
  2686 | D:3      | Noticed Eryximachus's ghost (amateur DsFi)
  2694 | D:3      | Found a bloodstained altar of Trog.
  2929 | D:3      | Found a runed translucent door.
  3649 | D:4      | Reached XP level 5. HP: 17/47 MP: 4/4
  3937 | D:4      | Reached skill level 5 in Fighting
  4061 | D:4      | Reached skill level 5 in Axes
  4099 | D:4      | HP: 2/48 [poisoned by an orc wizard]
  4100 | D:4      | Killed from afar by an orc wizard

Illustrated notes

Levels and vault maps discovered:
D:1:      lordsloth_arrival_two_stooges, layout_loops_ring, serial_rivers,
          chequers_serial_rivers_micro_e, chequers_serial_rivers_small_3,
          chequers_serial_rivers_large_a, chequers_serial_rivers_micro_a,
          chequers_serial_rivers_small_3, chequers_serial_rivers_small_3
D:2:      layout_loops_corners
D:3:      layout_loops_corners, lemuel_crystal_altar, ebering_ghost_sewer_f,
          minivault_25, nemelex_diamond_rough_becter
D:4:      layout_basic, serial_bayou, serial_bayou_lake_a, serial_bayou_pond_e,
          serial_bayou_shore_b, serial_bayou_pond_c

Skill      XL: |  1  2  3  4  5 |
---------------+----------------+-----
Fighting       | 4 5 |  5.1
Axes           | 4 5 |  5.0
Armour         | 3 4 |  4.1
Dodging        | 3 |  3.7

Action                   |  1- 3 |  4- 6 || total
-------------------------+-------+-------++-------
Melee: Hand axe          |    98 |   114 ||   212
       Headbutt          |    17 |    16 ||    33
Invok: Trog's Hand       |       |     1 ||     1
  Use: Potion            |       |     4 ||     4
 Stab: Sleeping          |     1 |       ||     1
Armor: Animal skin       |     2 |       ||     2
       Plate armour      |    49 |    83 ||   132
Dodge: Dodged            |    47 |    36 ||    83
